 Dungeon Crawl Stone Soup version 0.27.0-1-g7a089689b8 (webtiles) character file.

Game seed: 16612014122549577697

107 Strat the Skirmisher (level 4, -5/41 HPs)
             Began as a Minotaur Delver on Aug 12, 2021.
             Was an Initiate of Okawaru.
             Slain by an ice beast (10 damage)
             ... on level 5 of the Dungeon.
             The game lasted 00:01:27 (353 turns).

Strat the Skirmisher (Minotaur Delver)               Turns: 353, Time: 00:01:28

Health: -5/41      AC:  3    Str: 18    XL:     4   Next: 57%
Magic:  3/3        EV: 12    Int:  7    God:    Okawaru [......]
Gold:   14         SH:  0    Dex: 11    Spells: 3/3 levels left

rFire    . . .     SeeInvis .   a - +0 hand axe
rCold    . . .     Faith    .   (no shield)
rNeg     . . .     Spirit   .   b - +0 leather armour
rPois    .         Reflect  .   (helmet restricted)
rElec    .         Harm     .   (no cloak)
rCorr    .         Rampage  .   (no gloves)
Will     .....                  (no boots)
Stlth    ++........             (no amulet)
HPRegen  0.13/turn              (no ring)
MPRegen  0.08/turn              (no ring)

@: no status effects
A: horns 2, retaliatory headbutt
a: Renounce Religion


You were on level 5 of the Dungeon.
You worshipped Okawaru.
Okawaru was noncommittal.
You visited 2 branches of the dungeon, and saw 2 of its levels.

You collected 14 gold pieces.

Inventory:

Hand Weapons
 a - a +0 hand axe (weapon)
Armour
 b - a +0 leather armour (worn)
Wands
 g - a wand of digging (3)
Scrolls
 c - a scroll of fog
 d - a scroll of enchant weapon {unknown}
 e - a scroll of fear
 f - a scroll of noise {unknown}


   Skills:
 + Level 4.6 Fighting
 * Level 4.4 Axes
 - Level 2.6 Dodging
 - Level 4.3 Stealth


You had 3 spell levels left.
You didn't know any spells.
Your spell library was empty.

Dungeon Overview and Level Annotations

Branches:
Dungeon (5/15)             Temple (1/1) D:5

Altars:
Cheibriados
Dithmenos
Hepliaklqana
Nemelex Xobeh
Okawaru
Trog
Yredelemnul
Zin
The Shining One

Annotations:
D:5 2 runed translucent doors, Spaninq's ghost, novice NaMo


Innate Abilities, Weirdness & Mutations

You have a pair of horns on your head.
You reflexively headbutt those who attack you in melee.


Message History

The hound bites you. The hound closely misses you. You furiously retaliate!
You headbutt the hound, but do no damage.
The hound barely misses you.
You slash the hound! You headbutt the hound!
The hound is almost dead.
The hound misses you. The hound barely misses you.
You barely miss the hound.
The hound is almost dead.
The hound barely misses you.
You barely miss the hound.
The hound is almost dead.
The hound bites you. The hound barely misses you.
Unknown command.
You hit the hound but do no damage. Your headbutt misses the hound.
The hound is almost dead.
The hound closely misses you.
You closely miss the hound. You headbutt the hound.
You kill the hound!
Okawaru accepts your kill.
You hit the ice beast but do no damage. You headbutt the ice beast.
The ice beast is lightly wounded.
The ice beast hits you. The ice beast freezes you!
* * * LOW HITPOINT WARNING * * *
You hit the ice beast.
The ice beast is moderately wounded.
The ice beast hits you but does no damage.
Unknown command.
You closely miss the ice beast.
The ice beast is moderately wounded.
The ice beast hits you.
* * * LOW HITPOINT WARNING * * *
The ice beast freezes you!
* * * LOW HITPOINT WARNING * * *
You hit the ice beast.
The ice beast is moderately wounded.
The ice beast hits you.
* * * LOW HITPOINT WARNING * * *
The ice beast freezes you!
You die...

*,** *,,,,,* *,*,,* #.*
*,,,,,* *,,,,, #.*
***,*** ****,* #.##****,*
*,* #...,,,,,* *,* *
#..##**####*###**,* ****
*...,* #..,,...**,* ,,,*
*#.#.* #.##l..,,,,*
**,*** #@#.###..#.#*,****
,,,,,* #####
#Y#........#*,*
**,**###≈#.###
#l###.♣.♣.##*,* ,,,*
#.#.≈[≈≈###......>...##h*
****
*#..§.§#.######.♣.♣..[..#
** * ##..#.8≈.#
#.....##### *, #..≈.W≈.#*
##...## *,
#########++##### #...# *,
......#......#(# #...# *,


You could see an ice beast and an iguana.

Vanquished Creatures
  A wyvern skeleton (D:5)
  A hound (D:5)
  An iguana (D:5)
3 creatures vanquished.

Notes
Turn   | Place    | Note
-------+----------+-------------------------------------------
     0 | D:5      | Strat the Minotaur Delver began the quest for the Orb.
     0 | D:5      | Reached XP level 1. HP: 19/19 MP: 0/0
     4 | D:5      | Noticed an iguana
     8 | D:5      | Found a large runed translucent door.
     9 | D:5      | Found a large runed translucent door.
    13 | D:5      | Killed an iguana
    14 | D:5      | Reached XP level 2. HP: 27/27 MP: 1/1
    27 | D:5      | Noticed Spaninq's ghost (novice NaMo)
    59 | D:5      | Reached XP level 3. HP: 11/34 MP: 2/2
    59 | D:5      | Reached XP level 4. HP: 13/41 MP: 3/3
    66 | D:5      | Found a staircase to the Ecumenical Temple.
   120 | D:5      | Noticed an ice beast
   151 | Temple   | Entered the Ecumenical Temple
   312 | Temple   | Became a worshipper of Warmaster Okawaru
   353 | D:5      | Slain by an ice beast

Illustrated notes

Levels and vault maps discovered:
D:5:      layout_loops_cross, minmay_temple_entry_trees,
          ebering_ghost_disaster_area, kennysheep_decorative_pillar,
          amcnicky_mini_rare_corridor_liquid
Temple:   regret_index_temple_chain_breaker

Skill      XL: |  1  2 |
---------------+-------+-----
Fighting       | 4 |  4.6
Axes           | 4 |  4.4
Dodging        | |  2.6
Stealth        | |  4.3

Action                   |  1- 3 |  4- 6 || total
-------------------------+-------+-------++-------
Melee: Hand axe          |    11 |     9 ||    20
       Headbutt          |     6 |     3 ||     9
  Use: Scroll            |     1 |       ||     1
       Potion            |     1 |       ||     1
Armor: Leather armour    |     1 |     2 ||     3
Dodge: Dodged            |     5 |    10 ||    15
